AoeStats
← El Fantasma de Pancho Villa

Oasis

507654952Analyzed
4v4 RM · 13d ago on Sep 19, 2026· 8m 16s· 8 players
Game mode
Random Map
Map size
Large (8 player)
Population
200
Speed
Normal
Resources
Standard
Victory
Conquest
Starting age
Dark Age
Ending age
Imperial Age
RankedLock teamsTeams togetherTeam positionsShared explorationLock speedFull tech treeHidden civsTurbo modeCheats
Victory
Defeat
1255
+12
1201
+15
🇲🇽 Vikings · Mexico
1186
+15
🇲🇽 Bengalis · Mexico
1162
+16
🇲🇽 Slavs · Mexico
1219
-16
🇫🇮 Huns · Finland
1176
-15
🇺🇸 Saracens · United States
1165
-14
🇺🇸 Teutons · United States
1123
-13
El Fantasma de Pancho Villa
6:25 Loom
9:03 Feudal Age
Ranilla_Sr Bernabe
7:43 Loom
h1kerb0i
5:15 Loom
Titan
Miztliel
El Hijo de Zalvakky Jr. Dark
6:24 Loom
9:02 Feudal Age
El hijo de Airbreaker Jr. Jr.
Tezcatlipoca
5:29 Loom
10:12 Feudal Age
Connection lost

Rejoining the realm…

Still unreachable

The connection could not be restored.

Session expired

The server has moved on; the page needs a fresh start.